 Dungeon Crawl Stone Soup version 0.30.0-20-g3b4254fcbd (webtiles) character file.

Game seed: 6431915581116024479

71 jagang the Conjurer (level 4, -3/24 HPs)
             Began as a Deep Elf Conjurer on June 2, 2023.
             Slain by a gnoll
             ... wielding a +0 spear
              (7 damage)
             ... on level 2 of the Dungeon.
             The game lasted 00:03:09 (1269 turns).

jagang the Conjurer (Deep Elf Conjurer)             Turns: 1269, Time: 00:03:10

Health: -3/24      AC:  2    Str:  6    XL:     4   Next: 5%
Magic:  0/11       EV: 13    Int: 23    God:
Gold:   110        SH:  0    Dex: 13    Spells: 9/10 levels left

rFire   . . .        h - +1 dagger (freeze)
rCold   . . .        (no shield)
rNeg    . . .        a - +0 robe
rPois   .            (no helmet)
rElec   .            (no cloak)
rCorr   .            (no gloves)
SInv    .            (no boots)
Will    .....        (no amulet)
Stlth   ++           (no ring)
HPRegen 0.24/turn    (no ring)
MPRegen 0.12/turn

%: no passive effects
@: no status effects
A: no striking features
a: no special abilities


You were on level 2 of the Dungeon.
You visited 1 branch of the dungeon, and saw 2 of its levels.

You collected 110 gold pieces.

Inventory:

Hand Weapons
 h - a +1 dagger of freezing (weapon)
Armour
 a - a +0 robe (worn)
Scrolls
 c - a scroll of enchant weapon {unknown}
 d - a scroll of immolation {unknown}
 i - 3 scrolls of blinking {unknown}
Potions
 b - a potion of magic
 e - a potion of curing {unknown}
 f - a potion of lignification {unknown}
 g - a potion of ambrosia {unknown}


   Skills:
 + Level 1.4 Long Blades
 + Level 3.3 Dodging
 - Level 2.4 Stealth
 + Level 3.9 Spellcasting
 + Level 4.9 Conjurations


You had 9 spell levels left.
You knew the following spells:

 Your Spells              Type           Power      Damage    Failure   Level
a - Magic Dart            Conj           100%       1d8       1%          1

Your spell library contained the following spells:

 Spells                   Type           Power      Damage    Failure   Level
 Searing Ray              Conj           54%        2d6       2%          2
 Apportation              Tloc           8%         N/A       11%         1
 Dazzling Flash           Conj/Hex       30%        N/A       12%         3
 Fulminant Prism          Conj/Hex       7%         3d7       36%         4
 Iskenderun's Mystic Bla  Conj/Tloc      15%        2d5       36%         4
 Alistair's Intoxication  Tmut/Pois      2%         N/A       96%         5
 Borgnjor's Revivificati  Necr           2%         N/A       100%        8
 Necromutation            Tmut/Necr      2%         N/A       100%        8
 Death's Door             Necr           2%         N/A       100%        9


Dungeon Overview and Level Annotations

Branches:
Dungeon (2/15)

Altars:


Message History

The gnoll is heavily wounded.
The gnoll hits you with a +0 club!
The magic dart hits the gnoll.
The gnoll is severely wounded.
The gnoll barely misses you. x2
The magic dart hits the gnoll.
You kill the gnoll!
The gnoll misses you.
You have reached level 4!
You feel clever.
The magic dart hits the gnoll but does no damage.
The gnoll hits you from afar with a +0 spear.
You are too injured to fight recklessly!
Unknown command.
Casting: Magic Dart (safe; 1% risk of failure)
Confirm with . or Enter, or press ? or * to list all spells.
Aiming: Magic Dart (safe; 1% risk of failure)
Press: ? - help, Shift-Dir - straight line, f/p - gnoll
Aim: a gnoll, wielding a +0 spear (100% to hit)
The magic dart hits the gnoll.
The gnoll is heavily wounded.
The gnoll hits you from afar with a +0 spear!
* * * LOW HITPOINT WARNING * * *
Okay, then.
Okay, then.
You are too injured to fight recklessly!
The gnoll barely misses you.
Things that are here:
a +0 club; a +0 flail; a gnoll corpse You barely miss the gnoll.
The gnoll is heavily wounded.
The gnoll misses you.
You hit the gnoll. You freeze the gnoll.
The gnoll is severely wounded.
The gnoll closely misses you.
You hit the gnoll but do no damage.
The gnoll is severely wounded.
The rat twitches its whiskers.
The gnoll hits you with a +0 spear!
You die...

#.#.# #.#.# ####.#.##
#.......# #.......# #
#.......##### .#
#...........# .. ⌠
#.......#.#.###.#....
#..†....#....@gr.....
#.......#######.#....
######### # #


You could see a gnoll and a rat.

Vanquished Creatures
  3 gnolls (D:2)
  6 endoplasms
  4 giant cockroaches
  4 goblins
  2 hobgoblins (D:1)
  4 kobolds
  4 quokkas (D:1)
  2 ball pythons
  3 bats (D:1)
  A frilled lizard (D:2)
  4 rats
37 creatures vanquished.

Notes
Turn   | Place    | Note
-------+----------+-------------------------------------------
     0 | D:1      | jagang the Deep Elf Conjurer began the quest for the Orb.
     0 | D:1      | Reached XP level 1. HP: 10/10 MP: 6/6
   145 | D:1      | Reached XP level 2. HP: 11/15 MP: 1/8
   606 | D:1      | Reached skill level 1 in Long Blades
   734 | D:1      | Reached XP level 3. HP: 19/19 MP: 7/10
   996 | D:2      | Found a faded altar of an unknown god.
  1264 | D:2      | Reached XP level 4. HP: 15/24 MP: 2/11
  1269 | D:2      | Slain by a gnoll

Illustrated notes

Levels and vault maps discovered:
D:1:      dpeg_arrival_arbitrary_c, layout_basic
D:2:      layout_loops_ring, chequers_ecumenical_altar_island,
          minmay_misc_feat_rows, nicolae_shop_vocational

Skill      XL: |  1  2 |
---------------+-------+-----
Long Blades    | 1 |  1.4
Dodging        | 3 |  3.3
Stealth        | |  2.4
Spellcasting   | |  3.9
Conjurations   | |  4.9

Action                     |  1- 3 |  4- 6 || total
---------------------------+-------+-------++-------
  Melee: Unarmed           |    13 |       ||    13
         Dagger            |       |     3 ||     3
   Cast: Magic Dart        |    64 |     2 ||    66
 Armour: Robe              |     3 |       ||     3
  Dodge: Dodged            |    15 |     3 ||    18
